 Dungeon Crawl Stone Soup version 0.30-a0-1043-g60ff8d5f49 (webtiles) character file.

Game seed: 16684789156772114645

3585 Pimp the Fighter (level 9, -2/82 HPs)
             Began as a Grey Draconian Fighter on Apr 10, 2023.
             Was an Initiate of Vehumet.
             Killed from afar by an electric eel (10 damage)
             ... with a bolt of electricity
             ... on level 7 of the Dungeon.
             The game lasted 00:15:31 (7274 turns).

Pimp the Fighter (Grey Draconian Fighter)           Turns: 7274, Time: 00:15:31

Health: -2/82      AC: 13    Str: 19    XL:     9   Next: 85%
Magic:  8/8        EV: 13    Int: 13    God:    Vehumet [......]
Gold:   769        SH:  6    Dex: 10    Spells: 8/8 levels left

rFire   . . .      SeeInvis .    a - +0 war axe
rCold   . . .      Faith    .    b - +1 buckler
rNeg    . . .      Spirit   .    (body armour unavailable)
rPois   .          Reflect  .    (helmet restricted)
rElec   .          Rampage  .    (no cloak)
rCorr   .          Rage     3%   g - +0 pair of gloves
Will    +....                    (no boots)
Stlth   +                        (no amulet)
HPRegen 0.33/turn                (no ring)
MPRegen 0.11/turn                (no ring)

@: on berserk cooldown, slowed, very slow
A: AC +12, amphibious, unfitting armour, cold-blooded, berserk 1, low MP 1,
strong-willed 1, subdued magic 1
a: Renounce Religion


You were on level 7 of the Dungeon.
You worshipped Vehumet.
Vehumet was noncommittal.
You visited 1 branch of the dungeon, and saw 7 of its levels.
You also visited: Ossuary.

You collected 769 gold pieces.

Inventory:

Hand Weapons
 a - a +0 war axe (weapon)
Armour
 b - a +1 buckler (worn)
 f - an orb of guile
 g - a +0 pair of gloves (worn)
Wands
 c - a wand of flame (32)
 n - a wand of polymorph (13)
 o - a wand of mindburst (11)
Scrolls
 e - a scroll of magic mapping
 h - a scroll of identify
 k - 2 scrolls of silence {unknown}
 l - a scroll of immolation {unknown}
Potions
 d - a potion of haste
 m - a potion of curing


   Skills:
 + Level 8.5 Fighting
 + Level 7.3 Axes
 + Level 7.0 Dodging
 + Level 7.7 Shields


You had 8 spell levels left.
You didn't know any spells.
Your spell library contained the following spells:

 Spells                   Type           Power      Damage    Failure   Level
 Apportation              Tloc           0%         N/A       32%         1
 Alistair's Intoxication  Tmut/Pois      0%         N/A       100%        5


Dungeon Overview and Level Annotations

Branches:
Dungeon (7/15)             Temple (0/1) D:5         Ossuary (visited)

Altars:
Ashenzari
Fedhas
Ru
Vehumet
Yredelemnul


Innate Abilities, Weirdness & Mutations

Your dull iron-grey scales are very hard. (AC +12)
You are amphibious.
You cannot fit into any form of body armour.
You are cold-blooded and may be slowed by cold attacks.
You sometimes lose your temper in combat.
Your magical capacity is low. (-10% MP)
You are strong-willed. (Will+)
Your spells are a little easier to cast, but a little less powerful.


Message History

The bolt of electricity hits you.
* * * LOW HITPOINT WARNING * * *
The bolt of electricity hits the plant!
You barely miss the electric eel.
The electric eel is heavily wounded.
You hit the electric eel.
The electric eel shoots out a bolt of lightning at you!
The bolt of electricity hits you.
* * * LOW HITPOINT WARNING * * *
The bolt of electricity hits the plant!
The plant begins to die.
The electric eel shoots out a bolt of lightning at you!
The bolt of electricity hits you!
* * * LOW HITPOINT WARNING * * *
The bolt of electricity hits the plant.
The plant begins to die.
You feel much better.
The electric eel shoots out a bolt of lightning at you!
The bolt of electricity hits you!
The bolt of electricity hits the plant!
The electric eel shoots out a bolt of lightning at you!
The bolt of electricity hits you.
The bolt of electricity hits the plant!
You miss the electric eel.
The electric eel is heavily wounded.
You hit the electric eel but do no damage.
A nearby plant withers and dies.
The electric eel shoots out a bolt of lightning at you!
The bolt of electricity hits you!
* * * LOW HITPOINT WARNING * * *
The bolt of electricity hits the plant!
The electric eel shoots out a bolt of lightning at you!
The bolt of electricity misses you.
The bolt of electricity hits the plant!
You slash the electric eel!
The electric eel is severely wounded.
You miss the electric eel.
A nearby plant withers and dies. x2
The electric eel shoots out a bolt of lightning at you!
The bolt of electricity hits you!
* * * LOW HITPOINT WARNING * * *
The electric eel shoots out a bolt of lightning at you!
The bolt of electricity misses you.
The electric eel shoots out a bolt of lightning at you!
The bolt of electricity hits you!
You die...

#...... ## ##...... ♣~~#
######## #.......
~~♣~~♣~.....## ##.......
~~~~P♣~♣~P...###........
~~~~~~P~~♣....#........>
≈~≈~~♣~~~~~.............
≈≈≈~~~~S~~♣♣...........^
≈≈≈≈~~~@S~~♣♣...........
≈≈≈~~~~~~~~♣♣.......#...
≈≈≈≈~P~~~~~♣~......#####
~≈~≈~~~~~~†♣......##
≈~~~~~~~~~♣..(....#
≈≈≈~~~~~~~♣♣......##
~~~~~~♣♣~♣~......## #
~~♣~♣S♣~........# ####
~~~~..........### ##...


You could see 2 electric eels.

Vanquished Creatures
  Grinder (D:6)
  A wyvern (D:6)
  A wraith (D:6)
  A steam dragon (D:6)
  An acid dragon (D:6)
  Duvessa (D:7)
  A water moccasin (D:6)
  An orc warrior (D:5)
  A sky beast (D:6)
  A black bear (D:5)
  2 ogres
  2 centaurs
  2 phantoms
  An elf zombie (Ossuary)
  3 kobold brigands
  2 bullfrogs
  A gnoll sergeant (D:5)
  4 scorpions
  A water moccasin zombie (D:5)
  Dowan (D:7)
  2 howler monkeys (D:5)
  3 electric eels (D:7)
  2 human zombies (Ossuary)
  2 hounds (D:6)
  3 centaur zombies (Ossuary)
  A bullfrog zombie (D:5)
  An orc priest (D:7)
  5 sleepcaps
  Natasha (thrice) (D:2)
  7 iguanas
  An orc wizard (D:5)
  2 mummies (Ossuary)
  6 gnolls
  3 adders
  A white imp (D:5)
  An adder zombie (Ossuary)
  A worm (D:4)
  14 orcs
  4 bats
  7 endoplasms
  3 giant cockroaches
  6 hobgoblins
  5 jackals
  2 quokkas
  6 ball pythons
  8 goblins
  3 goblin zombies (Ossuary)
  14 hobgoblin zombies (Ossuary)
  20 kobolds
  4 kobold zombies (Ossuary)
  8 orc zombies (Ossuary)
  5 rats
  A rat zombie (Ossuary)
183 creatures vanquished.

Vanquished Creatures (others)
  3 kobolds (D:7)
  29 plants (D:7)
32 creatures vanquished.

Grand Total: 215 creatures vanquished

Notes
Turn   | Place    | Note
-------+----------+-------------------------------------------
     0 | D:1      | Pimp the Draconian Fighter began the quest for the Orb.
     0 | D:1      | Reached XP level 1. HP: 19/19 MP: 1/1
   136 | D:1      | Reached XP level 2. HP: 18/26 MP: 2/2
  1353 | D:2      | Found a blossoming altar of Fedhas.
  1399 | D:2      | Noticed Natasha
  1408 | D:2      | Killed Natasha
  1409 | D:2      | Reached XP level 3. HP: 25/33 MP: 3/3
  1460 | D:2      | Noticed Natasha
  1465 | D:2      | Killed Natasha
  1466 | D:2      | Reached XP level 4. HP: 38/40 MP: 4/4
  1520 | D:2      | Reached skill level 4 in Fighting
  1740 | D:2      | Noticed Natasha
  1748 | D:2      | Killed Natasha
  2267 | D:3      | Reached XP level 5. HP: 46/46 MP: 5/5
  2669 | D:4      | Noticed an ogre
  2677 | D:4      | Killed an ogre
  2789 | D:4      | Reached XP level 6. HP: 42/53 MP: 6/6
  2797 | D:4      | Found a sand-covered staircase.
  2801 | Ossuary  | Entered an ossuary
  3030 | Ossuary  | Reached skill level 5 in Fighting
  3077 | Ossuary  | Your scales start taking on a dull iron-grey colour.
  3077 | Ossuary  | Reached XP level 7. HP: 44/61 MP: 7/7
  3295 | D:4      | You fall into a shaft and drop 3 floors!
  3314 | D:6      | Noticed a wyvern
  3328 | D:6      | Killed a wyvern
  3329 | D:6      | Reached skill level 5 in Shields
  3535 | D:6      | Reached skill level 6 in Fighting
  3535 | D:6      | Reached skill level 5 in Dodging
  3583 | D:6      | Noticed a wraith
  3588 | D:6      | Reached XP level 8. HP: 50/70 MP: 8/8
  3604 | D:6      | Reached skill level 5 in Axes
  4543 | D:6      | Noticed Grinder
  4572 | D:5      | Entered Level 5 of the Dungeon
  4905 | D:5      | Reached skill level 7 in Fighting
  4905 | D:5      | Found a basalt altar of Yredelemnul.
  5173 | D:5      | Reached XP level 9. HP: 63/79 MP: 9/9
  5457 | D:5      | Found a staircase to the Ecumenical Temple.
  5508 | D:5      | Gained mutation: Your spells are a little easier to cast,
                  | but a little less powerful. [potion of mutation]
  5508 | D:5      | Gained mutation: Your magical capacity is low. (-10% MP)
                  | [potion of mutation]
  5508 | D:5      | Gained mutation: You sometimes lose your temper in combat.
                  | [potion of mutation]
  5508 | D:5      | Gained mutation: You are strong-willed. (Will+) [potion of
                  | mutation]
  6000 | D:6      | Found a radiant altar of Vehumet.
  6026 | D:6      | Found a sacrificial altar of Ru.
  6038 | D:6      | Became a worshipper of Vehumet
  6452 | D:6      | Found a broken altar of Ashenzari.
  6533 | D:6      | Reached skill level 8 in Fighting
  6757 | D:6      | Killed Grinder
  7032 | D:7      | Noticed Dowan
  7033 | D:7      | Noticed Duvessa
  7048 | D:7      | Killed Dowan
  7056 | D:7      | Killed Duvessa
  7274 | D:7      | Killed from afar by an electric eel

Illustrated notes

Levels and vault maps discovered:
D:1:      dpeg_arrival_shrine, layout_basic, dreamdust_princess_bridge,
          grunt_decor_fettered, minmay_statues_item
D:2:      layout_loops_ring, basic_altar, uniq_natasha
D:3:      minmay_general_purpose_star, layout_basic, kennysheep_flooded_box,
          kennysheep_minor_cross
D:4:      layout_basic, slow_altar_1, nicolae_qazlal_eye_of_the_storm,
          marbit_many_paths, enter_ossuary_5
D:5:      layout_basic, lemuel_zombie_altar_yredelemnul,
          minmay_temple_entry_junction, nicolae_fountain_basement
D:6:      minmay_klotski, layout_cave_pods, nicolae_ru_sacrificial_ziggurat,
          mainiacjoe_overflow_alcove_4, nicolae_vehumet_radiance,
          bh_walls_and_bars, uniq_grinder
D:7:      cheibrodos_barr_body, layout_cave_pods, serial_bayou_lake_a,
          uniq_duvessa

Skill      XL: |  1  2  3  4  5  6  7  8  9 |
---------------+----------------------------+-----
Dodging        | 3 4 5 6 7 |  7.0
Fighting       | 4 5 6 7 8 |  8.5
Axes           | 3 4 6 7 |  7.3
Shields        | 4 5 6 7 |  7.7

Action                     |  1- 3 |  4- 6 |  7- 9 || total
---------------------------+-------+-------+-------++-------
  Melee: War axe           |    70 |   208 |   373 ||   651
         Tailslap          |     6 |    34 |    51 ||    91
    Use: Potion            |       |     2 |    15 ||    17
         Scroll            |       |       |    11 ||    11
   Stab: Sleeping          |       |     1 |       ||     1
 Armour: Skin              |    23 |    71 |   224 ||   318
  Dodge: Dodged            |    51 |   122 |   319 ||   492
  Block: Buckler           |    21 |    49 |   119 ||   189

Table legend: (Time is in decaauts)
 A = Elapsed time spent in this place.
 B = Non-inter-level travel time spent in this place.
 C = Inter-level travel time spent in this place.
 D = Time resting spent in this place.
 E = Time spent auto-exploring this place.
 F = Levels seen in this place.
 G = Mean time per level.
                   A        B        C        D        E       F      G
               +--------+--------+--------+--------+--------+-----+--------+
         Total |   7514 |   7189 |    325 |   1213 |   4409 |   8 |  939.2 |
       Dungeon |   7045 |   6720 |    325 |   1183 |   4231 |   7 | 1006.4 |
       Ossuary |    468 |    468 |      0 |     30 |    178 |   1 |  468.0 |
               +--------+--------+--------+--------+--------+-----+--------+

Top non-repeatable levels by time:
     D:6: 2227 daAuts
     D:5: 1465 daAuts
     D:1: 1344 daAuts
     D:2: 704 daAuts
     D:3: 649 daAuts
 Ossuary: 468 daAuts
     D:7: 397 daAuts
     D:4: 257 daAuts
